AoeStats
← Strive4Richs601

Nomad

509758036Analyzed
3v3 RM · 4d ago on Sep 27, 2026· 50m 5s· 6 players
Game mode
Random Map
Map size
210×210
Population
200
Speed
Normal
Resources
Standard
Victory
Conquest
Starting age
Dark Age
Ending age
Imperial Age
RankedLock teamsTeams togetherTeam positionsShared explorationLock speedFull tech treeHidden civsTurbo modeCheats
Victory
Defeat
🇵🇪 Danes · Peru
740
+19
🇵🇪 Tatars · Peru
731
+20
🇨🇱 Malay · Chile
712
+20
🇲🇽 Huns · Mexico
852
-21
🇺🇸 Byzantines · United States
799
-19
🇵🇱 Celts · Poland
788
-19
fernando_053097
3:51 Loom
14:26 Feudal Age
20:17 Castle Age
18:10 Double-Bit Axe
20:35 Fletching
23:24 Wheelbarrow
25:20 Horse Collar
36:08 Imperial Age
33:59 Heavy Plow
35:18 Scale Mail Armor
35:15 Bodkin Arrow
36:39 Pikeman
37:16 Stone Mining
38:18 Hand Cart
Strive4Richs601
18:17 Feudal Age
21:15 Double-Bit Axe
23:03 Horse Collar
25:55 Wheelbarrow
25:08 Loom
27:40 Castle Age
27:07 Forging
26:58 Scale Mail Armor
27:04 Scale Barding Armor
26:50 Fletching
27:00 Padded Archer Armor
26:55 Gold Mining
26:56 Stone Mining
31:43 Bow Saw
32:11 Gold Shaft Mining
32:30 Medium Warships
33:31 Bodkin Arrow
34:16 Pikeman
38:59 Wheelbarrow
38:15 Gambesons
40:24 Iron Casting
40:13 Squires
43:23 Hand Cart
43:15 Husbandry
43:32 Chain Mail Armor
ZupaOgorkowa
3:51 Loom
15:07 Feudal Age
15:39 Double-Bit Axe
16:31 Wheelbarrow
15:42 Town Watch
25:56 Castle Age
24:57 Fishing Lines
25:54 Stone Mining
26:02 Gold Mining
27:14 Hand Cart
27:12 Bow Saw
28:28 Stone Shaft Mining
28:34 Gold Shaft Mining
27:43 Horse Collar
30:19 Gillnets
37:13 Imperial Age
36:26 Scale Mail Armor
39:05 Murder Holes
39:21 Masonry
41:04 Conscription
43:22 Ballistics
A†ilA
11:02 Loom
15:53 Feudal Age
17:15 Wheelbarrow
16:28 Double-Bit Axe
17:08 Fishing Lines
25:10 Castle Age
31:04 Imperial Age
30:51 Silk Armor
33:15 Hand Cart
34:26 Forging
34:23 Scale Barding Armor
36:36 Conscription
37:06 Elite Keshik
38:57 Iron Casting
40:09 Husbandry
40:52 Bloodlines
42:18 Chemistry
42:19 Ballistics
Takhyom
7:04 Loom
13:12 Feudal Age
12:55 Double-Bit Axe
18:35 Horse Collar
25:43 Castle Age
23:50 Gold Mining
24:02 Fletching
24:57 Forging
25:24 Scale Barding Armor
25:34 Stone Mining
27:14 Iron Casting
27:00 Bow Saw
27:03 Heavy Plow
29:07 Wheelbarrow
30:57 Hand Cart
31:17 Bodkin Arrow
31:24 Crossbowman
32:44 Thumb Ring
33:23 Gold Shaft Mining
34:51 Padded Archer Armor
36:00 Husbandry
35:22 Light Cavalry
42:51 Imperial Age
42:24 Leather Archer Armor
42:28 Arbalester
43:41 Conscription
44:33 Blast Furnace
43:35 Bracer
44:09 Ballistics
47:13 Chemistry
46:04 Elite Battle Elephant
47:46 Ring Archer Armor
TIMVP
12:01 Loom
15:56 Feudal Age
16:20 Horse Collar
16:39 Double-Bit Axe
17:38 Wheelbarrow
16:33 Man-at-Arms
20:39 Gold Mining
29:35 Castle Age
28:35 Fletching
28:46 Padded Archer Armor
29:56 Scale Mail Armor
29:46 Arson
30:55 Thumb Ring
30:59 Fishing Lines
37:40 Heavy Plow
47:12 Hamask
50:14 Chain Mail Armor
50:14 Forging
Connection lost

Rejoining the realm…

Still unreachable

The connection could not be restored.

Session expired

The server has moved on; the page needs a fresh start.